 Dungeon Crawl Stone Soup version 0.24.0-13-gcf9b3192b9 (webtiles) character file.

Game seed: 205008670201569601, levelgen mode: deterministic

51 Arum the Cutter (level 3, -10/22 HPs)
             Began as a Tengu Gladiator on Nov 10, 2019.
             Shot with an arrow by a centaur (14 damage)
             ... on level 2 of the Dungeon.
             The game lasted 00:01:19 (1142 turns).

Arum the Cutter (Tengu Gladiator)                   Turns: 1142, Time: 00:01:19

Health: -10/22     AC:  3    Str: 14    XL:     3   Next: 81%
Magic:  4/4        EV: 14    Int:  8    God:
Gold:   105        SH:  0    Dex: 16    Spells: 2/2 levels left

rFire    . . .     SeeInvis .   a - +0 rapier
rCold    . . .     Gourm    .   (no shield)
rNeg     . . .     Faith    .   b - +0 leather armour
rPois    .         Spirit   .   c - +0 hat
rElec    .         Reflect  .   (no cloak)
rCorr    .         Harm     .   (no gloves)
MR       .....                  (boots unavailable)
Stlth    +.........             (no amulet)
HPRegen  0.07/turn              (no ring)
MPRegen  0.09/turn              (no ring)

@: no status effects
A: beak, talons 3
a: no special abilities


You were on level 2 of the Dungeon.
You were not hungry.

You visited 1 branch of the dungeon, and saw 2 of its levels.

You collected 105 gold pieces.

Inventory:

Hand Weapons
 a - a +0 rapier (weapon)
Missiles
 d - 3 throwing nets (quivered)
Armour
 b - a +0 leather armour (worn)
 c - a +0 hat (worn)
Scrolls
 g - 4 scrolls of magic mapping {unknown}
 i - a scroll of fog {unknown}
 m - 2 scrolls of enchant armour {unknown}
 o - a scroll of blinking {unknown}
 p - a scroll of random uselessness {unknown}
 q - 2 scrolls of identify {unknown}
Potions
 e - a potion of curing {unknown}
 h - a potion of heal wounds {unknown}
 j - a potion of resistance {unknown}
 k - a potion of degeneration {unknown}
 l - a potion of agility {unknown}
Comestibles
 f - 4 rations
 n - 3 chunks of flesh


   Skills:
 + Level 2.8 Fighting
 + Level 4.0 Short Blades
 - Level 2.0 Throwing
 + Level 3.9 Dodging


You had 2 spell levels left.
You didn't know any spells.
Your spell library was empty.

Dungeon Overview and Level Annotations

Branches:
Dungeon (2/15)

Altars:
The Shining One


Innate Abilities, Weirdness & Mutations

You have a beak for a mouth.
You have claws for feet.


Message History

You are too injured to fight recklessly!
You are too injured to fight recklessly!
You are too injured to fight recklessly!
You are too injured to fight recklessly!
You are too injured to fight recklessly!
You are too injured to fight recklessly!
You are too injured to fight recklessly!
You are too injured to fight recklessly!
You are too injured to fight recklessly!
You are too injured to fight recklessly!
You are too injured to fight recklessly!
You are too injured to fight recklessly!
You are too injured to fight recklessly!
Unknown command.
The centaur shoots an arrow.
The arrow barely misses you.
The kobold throws a stone.
The stone hits you but does no damage.
You see here a stone.
The centaur shoots an arrow.
The arrow hits you!
Ouch! That really hurt!
You die...

####### #.....# #.....#
####...K.####### #####
.......(((@(.(.# #...#
.###....)#####.# #...# #
#.....# #.####...# #
#.....#####..##....# #
#c....#............# ###
....................# #..
##....##..#......#..####.#
####. ..........#..##...#
.##.(.....#†.##....


You could see a centaur and a kobold.

Vanquished Creatures
  An adder (D:2)
  An ooze (D:2)
  3 bats (D:1)
  8 goblins
  8 hobgoblins
  2 jackals (D:1)
  6 kobolds
  2 frilled lizards (D:1)
  4 rats
35 creatures vanquished.

Notes
Turn   | Place    | Note
-------+----------+-------------------------------------------
     0 | D:1      | Arum the Tengu Gladiator began the quest for the Orb.
     0 | D:1      | Reached XP level 1. HP: 12/12 MP: 2/2
   245 | D:1      | Reached XP level 2. HP: 16/17 MP: 3/3
   681 | D:1      | Found a glowing golden altar of the Shining One.
   852 | D:1      | Reached XP level 3. HP: 22/22 MP: 4/4
  1118 | D:2      | Reached skill level 4 in Short Blades
  1137 | D:2      | Noticed a centaur
  1142 | D:2      | Shot with an arrow by a centaur

Levels and vault maps discovered:
D:1:      grunt_arrival_crossed_arrows, layout_basic, serial_corexii_hall,
          corexii_hall_statues_t, corexii_hall_statues_l,
          corexii_hall_statues_i, tso_metal_star
D:2:      layout_rooms

Skill      XL: |  1  2  3 |
---------------+----------+-----
Short Blades   | 4 |  4.0
Fighting       | |  2.8
Throwing       | |  2.0
Dodging        | |  3.9

Action                   || total
-------------------------++-------
Melee: Rapier            ||    82
       Kick              ||    12
       Peck              ||     9
  Eat: Chunk             ||     1
Armor: Leather armour    ||    21
Dodge: Dodged            ||    65
